 Dungeon Crawl Stone Soup version 0.23-a0-356-g1757c6e (webtiles) character file.

147208 namelastname112 the Brawler (level 16, -50/151 HPs)
             Began as a Purple Draconian Wanderer on Oct 21, 2018.
             Was the Champion of Ashenzari.
             Killed from afar by a deep elf death mage (54 damage)
             ... with a bolt of negative energy
             ... on level 3 of the Elven Halls.
             The game lasted 01:20:24 (41943 turns).

namelastname112 the Brawler (DrWn)                 Turns: 41943, Time: 01:20:25

Health: -50/151    AC: 13    Str: 16    XL:     16   Next: 91%
Magic:  27/29      EV: 20    Int: 15    God:    Ashenzari [******]
Gold:   2598       SH:  0    Dex: 14    Spells: 16/33 levels left

rFire    . . .     SeeInvis +     - Unarmed
rCold    + + .     Gourm    .   (no shield)
rNeg     . . .     Faith    +   (armour unavailable)
rPois    +         Spirit   .   (helmet restricted)
rElec    .         Reflect  .   (no cloak)
rCorr    .         Harm     .   L - +2 pair of gloves
MR       ++...     Clarity  +   S - +0 pair of boots
Stlth    +.........             H - amulet of faith (curse)
HPRegen  0.35/turn              F - ring of poison resistance
MPRegen  0.21/turn              M - ring "Trusted Companion" {+Fly rC++} (curse)

@: very slightly contaminated, drained
A: breathe power, unfitting armour, cold-blooded, AC +9
a: Breathe Dispelling Energy, Curse Item, Scrying, Transfer Knowledge, Renounce
Religion, Evoke Flight


You were on level 3 of the Elven Halls.
You worshipped Ashenzari.
Ashenzari was exalted by your worship.
You were hungry.

You visited 5 branches of the dungeon, and saw 27 of its levels.
You also visited: Labyrinth and Sewer.

You collected 2710 gold pieces.
You spent 112 gold pieces at shops.

Inventory:

Hand Weapons
 i - a +3 whip of venom
 m - a +0 blowgun
 J - the +8 whip "Snakebite" {curare, rPois}
   (You found it on level 1 of the Lair of Beasts)

   It poisons the flesh of those it strikes.
   It protects you from poison.
Missiles
 o - 5 curare-tipped needles
 s - 2 throwing nets (quivered)
Armour
 L - a +2 pair of gloves (worn)
 S - a +0 pair of boots (worn)
Jewellery
 r - an uncursed ring of protection from cold
 F - a ring of poison resistance (left hand)
 H - a cursed amulet of faith (around neck)
 I - an uncursed ring of positive energy
 M - the cursed ring "Trusted Companion" (right hand) {+Fly rC++}
   (You found it in a labyrinth)

   [ring of flight]

   It greatly protects you from cold.
   It lets you fly.
   It has a curse placed upon it.
 N - an uncursed ring of wizardry
 W - an uncursed ring of protection from fire
 X - an uncursed ring of magical power
Wands
 p - a wand of polymorph (15)
 q - a wand of random effects (141)
 y - a wand of disintegration (10)
 z - a wand of flame (92)
 A - a wand of enslavement (8)
 D - a wand of iceblast (26)
 K - a wand of acid (17)
 Q - a wand of digging (3)
 U - a wand of paralysis (10)
Scrolls
 b - 15 scrolls of identify
 e - 6 scrolls of amnesia
 k - 6 scrolls of enchant armour
 l - 9 scrolls of remove curse
 v - 2 scrolls of magic mapping
 B - a scroll of fog
 T - 6 scrolls of enchant weapon
 V - a scroll of immolation
Potions
 a - 3 potions of mutation
 f - 3 potions of curing
 g - 4 potions of flight
 h - 3 potions of cancellation
 j - 3 potions of might
 n - 3 potions of resistance
 u - 4 potions of agility
 w - 7 potions of haste
 x - 4 potions of magic
 C - 3 potions of ambrosia
 E - 7 potions of lignification
 G - 4 potions of brilliance
Miscellaneous
 O - a fan of gales (inert)
 P - 3 phantom mirrors
Comestibles
 d - 11 rations


   Skills:
 + Level 16.1(15.0) Fighting
   Level 3.0(2.3) Axes
 - Level 1.0(1.3) Maces & Flails
 + Level 13.9(12.8) Dodging
 - Level 1.0(0.2) Stealth
 + Level 16.8(15.7) Unarmed Combat
 + Level 9.2(8.3) Spellcasting
 + Level 5.4(7.5) Charms
 - Level 10.9(12.6) Transmutations
 - Level 1.1(2.1) Evocations


You had 16 spell levels left.
You knew the following spells:

 Your Spells              Type           Power        Failure   Level  Hunger
a - Ice Form              Ice/Tmut       ####....     9%          4    ####...
b - Blink                 Tloc           N/A          19%         2    None
c - Spider Form           Tmut/Pois      ####......   2%          3    ##.....
d - Regeneration          Chrm/Necr      ###.......   8%          3    ##.....
x - Blade Hands           Tmut           #####.....   1%          5    #####..

Your spell library contained the following spells:

 Spells                   Type           Power        Failure   Level  Hunger
 Beastly Appendage        Tmut           #####.       1%          1    None
 Passwall                 Tmut/Erth      ####....     1%          2    None
 Song of Slaying          Chrm           ####....     1%          2    None
 Sticks to Snakes         Tmut           #####...     1%          2    None
 Shroud of Golubria       Chrm/Tloc      ###.......   3%          2    None
 Swiftness                Chrm/Air       ###.....     3%          2    None
 Flame Tongue             Conj/Fire      #....        12%         1    None
 Magic Dart               Conj           #...         12%         1    None
 Shock                    Conj/Air       #...         12%         1    None
 Sting                    Conj/Pois      #...         12%         1    None
 Corpse Rot               Necr           N/A          19%         2    None
 Poisonous Vapours        Pois/Air       #.....       19%         2    None
 Searing Ray              Conj           #.....       19%         2    None
 Sublimation of Blood     Necr           #.........   19%         2    None
 Dazzling Spray           Conj/Hex       #.....       34%         3    ##.....
 Gell's Gravitas          Tloc           #.........   34%         3    ##.....
 Lesser Beckoning         Tloc           #.........   34%         3    ##.....
 Mephitic Cloud           Conj/Pois/Air  #.......     34%         3    ##.....
 Static Discharge         Conj/Air       #.......     34%         3    ##.....
 Teleport Other           Tloc           #.......     34%         3    ##.....
 Airstrike                Air            #.........   75%         4    ####...
 Animate Dead             Necr           N/A          75%         4    ####...
 Force Lance              Conj/Tloc      #.......     75%         4    ####...
 Fulminant Prism          Conj/Hex       #.........   75%         4    ####...
 Iskenderun's Mystic Bla  Conj           #.......     75%         4    ####...
 Olgreb's Toxic Radiance  Pois           #.......     75%         4    ####...
 Passage of Golubria      Tloc           N/A          75%         4    ####...
 Bolt of Draining         Conj/Necr      #.........   97%         5    #####..
 Lee's Rapid Deconstruct  Erth           #.........   97%         5    #####..
 Lightning Bolt           Conj/Air       #.........   97%         5    #####..
 Venom Bolt               Conj/Pois      #.........   97%         5    #####..
 Bolt of Fire             Conj/Fire      #.........   100%        6    #######
 Darkness                 Hex            #.........   100%        6    #######
 Invisibility             Hex            #.......     100%        6    #######
 Ring of Flames           Chrm/Fire      ###.......   100%        7    #######


Dungeon Overview and Level Annotations

Branches:
Dungeon (15/15)            Temple (0/1) D:4            Lair (6/6) D:9
  Swamp (0/4) Lair:3        Snake (1/4) Lair:2        Slime (0/5) Lair:6
    Orc (2/2) D:9             Elf (3/3) Orc:2        Vaults (0/5) D:13
 Depths (0/5) D:15

Altars:
Ashenzari
Gozag
Makhleb
Nemelex Xobeh
Okawaru
Qazlal
Uskayaw
Wu Jian
Xom
Yredelemnul
Beogh

Shops:
D:4 !   D:13 [   Orc:2 }(((   Elf:3 [

Annotations:
D:9 exclusion: door
Lair:2 1 runed door, RoseArtemis's ghost, journeyman TeBe
Elf:2 5 runed doors


Innate Abilities, Weirdness & Mutations

You can breathe bolts of dispelling energy.
Your rich purple scales are hard. (AC +9)
You cannot fit into any form of body armour.
You are cold-blooded and may be slowed by cold attacks.


Message History

You closely miss the large abomination.
Your tail-slap misses the large abomination.
The large abomination is almost destroyed.
The deep elf annihilator mumbles some strange words.
The deep elf annihilator blinks!
The deep elf knight hits you with a +0 short sword.
* * * LOW HITPOINT WARNING * * *
The deep elf elementalist hits you with a +0 rapier.
* * * LOW HITPOINT WARNING * * *
You take 11 damage, and have 3/151 hp.
Evoke which item? (* to show all) (? for menu, Esc to quit)
A fierce wind blows from the fan.
The monsters around you are blown away!
The large abomination completely misses you.
The deep elf annihilator mumbles some strange words.
The deep elf annihilator blinks!
The deep elf mage casts a spell.
The deep elf mage blinks!
The deep elf death mage points at you and mumbles some strange words.
The bolt of negative energy hits you!
You feel drained.
You die...

*#.#* #..# #.#
#.####.####.#* #.###)#...#
##.##...).# ##X#).)).##
##)#.#.#{## #.#.#.{#.##
###X##{##.# ## ##e.@##
##.# #.## ##.....## *#.#*
* * ...## ##..e.e%.##
#.#**,,, * ....##
*#eee..e..e# *## ,,,
.....## #...ee......# , ,,
*
#.....###e.....#....e.#**,
,,,
*#.....#e..ee.###§.....#,,
, #e.....e...#* *#......,
, #§.e.e.ee.,* ,...... , *


You could see a deep elf master archer, 5 deep elf annihilators, 2 deep elf
death magi, 3 deep elf elementalists, a deep elf knight (invisible), a deep elf
high priest, a large abomination and 2 deep elf magi.

Vanquished Creatures
  Frances (Elf:1)
  Kirke (Lair:4)
  Agnes (Elf:1)
  Donald (Elf:1)
  3 deep elf sorcerers
  2 deep elf elementalists (Elf:3)
  3 deep elf demonologists (Elf:3)
  4 deep elf annihilators (Elf:3)
  A minotaur (Lab)
  2 deep elf death magi
  Snorg (Lair:5)
  2 fire dragons
  4 deep elf high priests (Elf:3)
  Josephine (Lair:5)
  An ice dragon (D:15)
  5 ogre magi
  3 vault guards (D:13)
  Harold (Orc:2)
  5 hydras
  A centaur warrior (D:13)
  22 two-headed ogres
  9 dancing weapons
  2 tengu warriors (D:13)
  Urug (D:9)
  7 deep elf knights
  A fire crab (Lair:6)
  4 unseen horrors
  7 skeletal warriors
  Pikel (D:9)
  39 deep elf magi
  A necromancer (Elf:1)
  4 orc knights
  4 deep elf archers
  2 orc sorcerers (Orc:2)
  2 cyclopes
  11 ugly things
  A manticore (D:13)
  7 elephants
  Joseph (D:7)
  9 black mambas
  2 gargoyles
  3 molten gargoyles (Lair:6)
  12 spiny frogs
  A minotaur zombie (Lab)
  2 efreet
  2 kobold demonologists
  A rime drake (shapeshifter) (Elf:3)
  A rime drake (Lair:6)
  11 komodo dragons
  A minotaur skeleton (Lab)
  2 tengu conjurers (D:13)
  8 trolls
  3 meliai (D:15)
  A polar bear (shapeshifter) (Elf:2)
  8 blink frogs
  9 hippogriffs
  2 air elementals
  2 shadows
  4 wyverns
  4 water elementals
  5 wraiths
  47 yaks
  A fire elemental (Elf:2)
  6 basilisks
  4 fire bats (D:9)
  A hog (Lair:4)
  Grum (D:10)
  A human (D:9)
  2 steam dragons (Lair:6)
  8 hungry ghosts
  A naga (Lair:2)
  4 wargs
  3 large abominations (Elf:1)
  4 soldier ants
  An acid dragon (D:15)
  13 water moccasins
  5 hell hounds
  Duvessa (D:6)
  3 porcupines
  21 orc warriors
  An ice beast (D:13)
  A slave (D:9)
  30 ogres
  An ogre (shapeshifter) (Elf:1)
  4 phantoms
  10 centaurs
  8 wolves (D:9)
  5 crocodiles
  3 big kobolds
  15 bullfrogs
  An elf zombie (Elf:1)
  2 gnoll sergeants
  2 earth elementals
  Dowan (D:6)
  A wyvern skeleton (D:10)
  4 scorpions
  6 electric eels
  4 wights
  6 howler monkeys
  2 bullfrog zombies
  4 centaur zombies
  8 crimson imps
  A quasit (D:13)
  5 lava snakes (Lair:6)
  17 jellies
  4 centaur skeletons
  15 orc priests
  5 bullfrog skeletons
  13 hounds
  6 iguanas
  8 worker ants
  25 orc wizards
  A hound zombie (D:11)
  A hound skeleton (D:4)
  2 worker ant zombies
  17 gnolls
  A howler monkey skeleton (D:2)
  12 adders
  4 shadow imps
  An ooze (D:2)
  An adder skeleton (D:5)
  4 worms
  8 leopard geckos
  101 orcs
  8 giant cockroaches
  8 goblins
  9 hobgoblins
  7 jackals
  13 kobolds
  7 quokkas
  5 ball pythons
  9 bats
  5 frilled lizards
  2 leopard gecko skeletons
  8 rats
841 creatures vanquished.

Vanquished Creatures (others)
  2 humans (Lair:4)
  2 orcs
  A fire vortex (D:9)
  A fungus (Lair:4)
  4 plants
10 creatures vanquished.

Grand Total: 851 creatures vanquished

Notes
Turn   | Place    | Note
-------+----------+-------------------------------------------
     0 | D:1      | namelastname112 the Draconian Wanderer began the quest for
                  | the Orb.
     0 | D:1      | namelastname112 set off with: a +2 hand axe, a +0 mace, a
                  | scroll of teleportation, a ration
     0 | D:1      | Reached XP level 1. HP: 22/22 MP: 1/1
   118 | D:1      | You fall through a shaft!
   236 | D:1      | Reached skill level 1 in Dodging
   236 | D:1      | Reached XP level 2. HP: 28/28 MP: 2/2
   821 | D:2      | Reached skill level 5 in Fighting
   821 | D:2      | Reached XP level 3. HP: 34/36 MP: 3/3
   992 | D:2      | Found a shattered altar of Ashenzari.
  1028 | D:2      | Became a worshipper of Ashenzari the Shackled
  1712 | D:3      | Reached XP level 4. HP: 26/42 MP: 4/4
  2378 | D:3      | Wingboner: Вот взял и убился об рыцаря. А нефиг глубоко
                  | лезть!
  2390 | D:3      | namelastname112: да в смысле
  2390 | D:3      | namelastname112: мне вход в лейр перекрыли уебки
  2744 | D:3      | Reached XP level 5. HP: 50/50 MP: 5/5
  3085 | D:4      | Found a glowing drain.
  3116 | Sewer    | Entered a sewer
  3121 | Sewer    | Learned a level 3 spell: Spider Form
  3390 | Sewer    | Reached skill level 1 in Unarmed Combat
  3390 | Sewer    | Reached skill level 1 in Spellcasting
  3390 | Sewer    | Reached skill level 1 in Transmutations
  3390 | Sewer    | Reached XP level 6. HP: 31/57 MP: 5/7
  3739 | D:4      | Your scales start taking on a rich purple colour.
  3739 | D:4      | Reached XP level 7. HP: 58/63 MP: 10/10
  3809 | D:4      | Found a basalt altar of Yredelemnul.
  3809 | D:4      | Found a hide-covered altar of Uskayaw.
  3810 | D:4      | Found an ornate altar of the Wu Jian Council.
  4008 | D:4      | Found a staircase to the Ecumenical Temple.
  4025 | D:4      | Found Maxu's Distillery.
  4033 | D:4      | Bought a potion of curing for 42 gold pieces
  4033 | D:4      | Bought a potion of heal wounds for 70 gold pieces
  4641 | D:5      | Entered Level 5 of the Dungeon
  5092 | D:5      | Reached * piety under Ashenzari
  5258 | D:4      | Found a stormy altar of Qazlal.
  5294 | D:6      | Found an iron altar of Okawaru.
  5363 | D:6      | Noticed Duvessa
  5364 | D:6      | Noticed Dowan
  5397 | D:6      | Killed Duvessa
  5404 | D:6      | Killed Dowan
  5404 | D:6      | Reached XP level 8. HP: 34/70 MP: 11/13
  5600 | D:6      | Found an opulent altar of Gozag.
  5616 | D:6      | Reached skill level 5 in Unarmed Combat
  6296 | D:7      | Noticed Joseph
  6365 | D:7      | Killed Joseph
  6365 | D:7      | Reached skill level 5 in Dodging
  7560 | D:8      | Reached skill level 5 in Spellcasting
  7560 | D:8      | Reached XP level 9. HP: 71/75 MP: 16/16
  7753 | D:8      | Reached ** piety under Ashenzari
  7923 | D:8      | Reached skill level 5 in Transmutations
  8300 | D:8      | Found a burning altar of Makhleb.
  8301 | D:8      | Found a shimmering altar of Xom.
  8425 | D:8      | Noticed a two-headed ogre
  8455 | D:8      | Killed a two-headed ogre
  8627 | D:8      | Learned a level 5 spell: Blade Hands
  8974 | D:9      | Noticed a troll
  9029 | D:9      | Reached XP level 10. HP: 44/84 MP: 12/19
  9376 | D:9      | Found a staircase to the Orcish Mines.
 10574 | D:9      | epen:
                  | https://www.improbable.com/airchives/paperair/volume12/v12i
                  | 5/centaur-12-5.pdf
 10618 | D:9      | Found a staircase to the Lair.
 10764 | D:9      | Noticed Pikel
 10778 | D:9      | Killed Pikel
 11167 | D:10     | Entered Level 10 of the Dungeon
 11200 | D:10     | Learned a level 4 spell: Ice Form
 11243 | D:10     | Noticed a two-headed ogre
 11253 | D:10     | Killed a two-headed ogre
 11253 | D:10     | Reached XP level 11. HP: 51/94 MP: 18/21
 11471 | D:10     | Noticed a two-headed ogre
 11826 | D:10     | Noticed Grum
 11827 | D:10     | Noticed a two-headed ogre
 11844 | D:9      | HP: 4/141 [wolf[Grum] (7)]
 12306 | D:10     | Killed Grum
 12332 | D:10     | Killed a two-headed ogre
 12966 | D:10     | Killed a two-headed ogre
 12966 | D:10     | Reached skill level 10 in Unarmed Combat
 13604 | D:11     | Noticed a green ugly thing
 13610 | D:10     | Killed a green ugly thing
 14152 | D:11     | Killed an unseen horror
 14946 | D:12     | Learned a level 2 spell: Blink
 15006 | D:12     | Noticed a two-headed ogre
 15008 | D:12     | Noticed a red ugly thing
 15025 | D:12     | Killed a red ugly thing
 15025 | D:12     | Reached XP level 12. HP: 32/105 MP: 18/22
 15535 | D:12     | Killed a two-headed ogre
 15915 | D:13     | Reached *** piety under Ashenzari
 16284 | D:13     | Noticed a vault guard
 16289 | D:13     | Noticed a vault guard
 16289 | D:13     | Noticed a tengu warrior
 16527 | Lair:1   | Entered Level 1 of the Lair of Beasts
 16926 | Lair:1   | Reached skill level 10 in Transmutations
 17161 | Lair:1   | Found the +8 whip "Snakebite" {curare, rPois}
 17511 | Lair:1   | Reached skill level 10 in Fighting
 18053 | Lair:2   | Noticed an eight-headed hydra
 18087 | Lair:2   | Found a staircase to the Snake Pit.
 18637 | Lair:2   | Killed an eight-headed hydra
 18727 | Lair:2   | Found a runed door.
 18727 | Lair:2   | Found a shimmering altar of Xom.
 18727 | Lair:2   | Noticed RoseArtemis's ghost (journeyman TeBe)
 19663 | Lair:3   | Reached **** piety under Ashenzari
 19803 | Lair:3   | Found a staircase to the Swamp.
 20602 | Lair:4   | Noticed Kirke
 20618 | Lair:4   | Killed Kirke
 20618 | Lair:4   | Reached XP level 13. HP: 98/114 MP: 18/23
 20645 | Lair:4   | Found a labyrinth entrance.
 20654 | Lab      | Entered a labyrinth
 21113 | Lab      | Noticed a minotaur
 21117 | Lab      | Identified the ring "Trusted Companion" {+Fly rC++}
 21126 | Lab      | Killed a minotaur
 23032 | Lair:5   | Noticed Snorg
 23440 | Lair:5   | Killed Snorg
 24197 | Lair:5   | Noticed Josephine
 24226 | Lair:5   | Reached ***** piety under Ashenzari
 24237 | Lair:5   | Killed Josephine
 24664 | Lair:5   | Reached skill level 10 in Dodging
 24878 | Lair:6   | Entered Level 6 of the Lair of Beasts
 26790 | Lair:6   | Reached XP level 14. HP: 94/126 MP: 18/24
 27181 | Lair:6   | Found a large runed door.
 27586 | Lair:6   | Found a large runed door.
 27967 | Lair:6   | Found a staircase to the Slime Pits.
 28317 | D:9      | Upgraded the game from 0.23-a0-350-g6fd5563 to
                  | 0.23-a0-356-g1757c6e
 28650 | D:13     | Found Tilamoca's Armour Emporium.
 30689 | Orc:1    | Entered Level 1 of the Orcish Mines
 30690 | Orc:1    | Noticed Urug
 31401 | D:9      | Killed Urug
 31664 | Orc:2    | Entered Level 2 of the Orcish Mines
 31664 | Orc:2    | Found a staircase to the Elven Halls.
 32607 | Orc:2    | Found a roughly hewn altar of Beogh.
 32644 | Orc:1    | Noticed Harold
 32990 | Orc:2    | Killed Harold
 33446 | Orc:2    | Reached skill level 15 in Unarmed Combat
 33470 | Orc:2    | Reached XP level 15. HP: 111/137 MP: 17/25
 33786 | Orc:2    | Found Jacuazew's Weapon Emporium.
 33791 | Orc:2    | Found Fiupn's Gadget Boutique.
 33791 | Orc:2    | Found Diwny's Weapon Emporium.
 33791 | Orc:2    | Found Ynkud's Antique Weapon Shop.
 33911 | Orc:2    | Found a roughly hewn altar of Beogh.
 34713 | D:13     | Found a gate to the Vaults.
 35361 | D:15     | Entered Level 15 of the Dungeon
 35784 | D:15     | Found a staircase to the Depths.
 36815 | D:9      | Reached skill level 15 in Fighting
 36861 | Snake:1  | Entered Level 1 of the Snake Pit
 36938 | Elf:1    | Entered Level 1 of the Elven Halls
 37306 | Elf:1    | Noticed Donald
 37323 | Elf:1    | Killed Donald
 37885 | Elf:1    | Identified Sif Muna's Incunabulum of Patterns
 38135 | Elf:1    | Found a sparkling altar of Nemelex Xobeh.
 38234 | Elf:1    | Noticed Agnes
 38241 | Elf:1    | Killed Agnes
 38282 | Elf:1    | Reached XP level 16. HP: 117/149 MP: 20/26
 38287 | Elf:1    | Identified Foreh's Tome of Dark Rituals
 38293 | Elf:1    | Learned a level 3 spell: Regeneration
 38528 | Elf:1    | Noticed Frances
 38538 | Elf:1    | Killed Frances
 38538 | Elf:1    | Reached skill level 1 in Charms
 39491 | Elf:2    | Reached ****** piety under Ashenzari
 39936 | Elf:2    | Found a huge runed gate.
 39936 | Elf:2    | Found a huge runed gate.
 39936 | Elf:2    | Found a huge runed gate.
 39941 | Elf:2    | Found a huge runed gate.
 39941 | Elf:2    | Found a huge runed gate.
 40100 | Elf:3    | Entered Level 3 of the Elven Halls
 40189 | Elf:3    | Found Inoxt's Antique Armour Shoppe.
 40730 | Elf:3    | Identified the +11 quarterstaff "Ceoloah" {protect,
                  | *Corrode rElec rPois Str+4}
 41320 | Elf:3    | Found the +6 lightning scales {run, rElec}
 41320 | Elf:3    | Identified the ring "Vonemahoff" {AC+4 Str+8 Int+3 Dex-5
                  | SInv}
 41320 | Elf:3    | Found the amulet of the Four Winds {rN+ MR+++ Clar}
 41862 | Elf:3    | Reached skill level 5 in Charms
 41933 | Elf:3    | Identified the cursed +2 flail "Dill" {drain, -Tele rF+
                  | Str+2}
 41938 | Elf:3    | Noticed a deep elf master archer
 41942 | Elf:3    | HP: 3/151 [deep elf elementalist/+0 rapier (5)]
 41943 | Elf:3    | Killed from afar by a deep elf death mage

Vault maps used:
D:1:      nzn_arrival_crosshair, st_stairs_6
D:2:      lemuel_doored_altar, hex_medium
D:3:      grunt_decor_clamped
D:4:      lemuel_upstairs_altar, gammafunk_temple_overflow_forgotten,
          minmay_temple_entry_statues_pillars, cheibrodos_sewer_entry_drain,
          serial_shops, nicolae_shop_trees, kennysheep_boxes
D:5:      first_ration
D:6:      grunt_gozag_statues, old_standard_altar, uniq_duvessa
D:7:      uniq_joseph
D:8:      grunt_temple_overflow_champion_of_chaos, blue_anna_alchemist
D:9:      erik_lair_island, erik_orc_4, hangedman_incinerator, uniq_pikel
D:10:     kennysheep_generic_room_14, uniq_grum
D:13:     grunt_vaults_entry_fortified, serial_shops, kennysheep_mini_moat
D:14:     minmay_misc_feat_tower
D:15:     grunt_enter_depths_hoard, serial_bayou_pond_a
Lair:1:   minmay_guarded_unrand_snakebite
Lair:2:   guppyfry_snake_entry_island, ebering_ghost_xom
Lair:3:   minmay_swamp_entry_eels, minivault_19
Lair:4:   lab_entry_generic, grunt_megastairs_1, uniq_kirke
Lair:5:   grunt_megastairs_4, uniq_snorg, uniq_josephine
Lair:6:   cheibrodos_lair_end_hotspot, minmay_slime_entry_jelly_boxes
Snake:1:  serial_bayou_crossing
Orc:1:    uniq_urug, uniq_harold
Orc:2:    st_orc_ogre_mass, hangedman_feature_mirror
Elf:1:    eino_elf_arrival_sip, minmay_elf_necromancy, nemelex_altar_shiori,
          uniq_frances, uniq_donald, uniq_agnes
Elf:2:    basic_stair_grate_trap
Elf:3:    minmay_elf_hall_four_x, serial_shops, nicolae_shop_overgrown_old_shop,
          basic_stair_grate_trap
Lab:      labyrinth_hidden_loot, labyrinth_skeletal_remains,
          labyrinth_fake_exit, nicolae_lab_swirl, nicolae_lab_hexagon,
          nicolae_lab_very_dead_end, nicolae_lab_starburst, labyrinth_lava_lair,
          nicolae_lab_stuck
Sewer:    sewer_frog_island_01

Skill      XL: |  1  2  3  4  5  6  7  8  9 10 11 12 13 14 15 16 |
---------------+-------------------------------------------------+-----
Dodging        | 1 2 3 4 5 6 7 9 10 11 13 | 13.9
Fighting       | 5 6 8 9 10 12 13 15 16 | 16.1
Unarmed Combat | 1 2 4 6 8 9 11 12 13 15 16 | 16.8
Spellcasting   | 1 2 3 5 6 7 9 |  9.2
Transmutations | 1 2 3 4 6 8 9 10 | 10.9
Charms         | 5 |  5.4
Axes           | |  3.0
Maces & Flails | |  1.0
Stealth        | |  1.0
Evocations     | |  1.1

Action                   |  1- 3 |  4- 6 |  7- 9 | 10-12 | 13-15 | 16-18 || total
-------------------------+-------+-------+-------+-------+-------+-------++-------
Melee: Hand axe          |    78 |       |       |       |       |       ||    78
       Tailslap          |     4 |    16 |    29 |    62 |   121 |    32 ||   264
       Whip              |    12 |   189 |   192 |       |       |       ||   393
       Punch             |       |       |     6 |    23 |    58 |    14 ||   101
       Unarmed           |       |       |   199 |   631 |  1087 |   262 ||  2179
 Fire: Blowgun           |       |       |     1 |       |     7 |       ||     8
 Cast: Spider Form       |       |       |    10 |     2 |       |       ||    12
       Blade Hands       |       |       |     3 |    58 |   116 |    28 ||   205
       Ice Form          |       |       |       |     2 |     4 |       ||     6
       Regeneration      |       |       |       |       |       |     1 ||     1
Invok: Scrying           |       |       |       |     1 |       |       ||     1
       Curse Item        |       |       |       |       |     1 |       ||     1
 Abil: Breathe Dispellin |       |       |     4 |     1 |     1 |       ||     6
Evoke: Wand              |       |       |     6 |    21 |       |     3 ||    30
       Fan of gales      |       |       |       |       |       |     1 ||     1
  Use: Potion            |       |       |     2 |     3 |     4 |     2 ||    11
       Scroll            |       |       |    21 |     3 |    15 |     9 ||    48
 Stab: Sleeping          |       |     1 |     2 |     1 |       |     1 ||     5
       Invisible         |       |       |       |       |     1 |       ||     1
  Eat: Chunk             |     3 |     3 |    12 |    40 |    44 |    10 ||   112
       Ration            |       |     1 |     4 |     6 |    14 |     3 ||    28
Armor: Skin              |    27 |    41 |    79 |   149 |   172 |    37 ||   505
Dodge: Dodged            |    61 |   133 |   333 |   667 |   715 |   123 ||  2032

Table legend:
 A = Non-vault XP
 B = Vault XP
 C = Vault XP percentage of total XP
 D = Non-vault monster count
 E = Vault monster count
 F = Vault count percentage of total count
                 A         B        C        D         E       F
            +---------+---------+-------+---------+---------+-------
      Total |  121240 |   89058 |  42.3 |     612 |     228 |  27.1
            +---------+---------+-------+---------+---------+-------
        D:1 |      36 |       1 |   2.7 |      22 |       1 |   4.3
        D:2 |      39 |       0 |   0.0 |      13 |       0 |   0.0
        D:3 |     120 |       0 |   0.0 |      25 |       0 |   0.0
        D:4 |     412 |      13 |   3.1 |      19 |       4 |  17.4
        D:5 |     146 |       0 |   0.0 |      13 |       0 |   0.0
        D:6 |     566 |     227 |  28.6 |       9 |       2 |  18.2
        D:7 |     374 |     471 |  55.7 |      14 |       1 |   6.7
        D:8 |    2475 |     489 |  16.5 |      25 |       8 |  24.2
        D:9 |    3262 |    4187 |  56.2 |      43 |      30 |  41.1
       D:10 |    7533 |     187 |   2.4 |      61 |       1 |   1.6
       D:11 |    2219 |       0 |   0.0 |      22 |       0 |   0.0
       D:12 |    2431 |       0 |   0.0 |      28 |       0 |   0.0
       D:13 |   12079 |    7416 |  38.0 |      41 |      10 |  19.6
       D:14 |    6502 |       0 |   0.0 |      14 |       0 |   0.0
       D:15 |   10982 |    2052 |  15.7 |      38 |       2 |   5.0
     Lair:1 |    1944 |    1832 |  48.5 |       7 |      11 |  61.1
     Lair:2 |    2607 |     160 |   5.8 |       8 |       1 |  11.1
     Lair:3 |    3758 |     106 |   2.7 |      13 |       2 |  13.3
     Lair:4 |    4413 |    3565 |  44.7 |      14 |       5 |  26.3
     Lair:5 |    4038 |    4247 |  51.3 |      13 |       8 |  38.1
     Lair:6 |    9020 |   10284 |  53.3 |      34 |      44 |  56.4
      Orc:1 |    2470 |       0 |   0.0 |      38 |       0 |   0.0
      Orc:2 |    4473 |   19062 |  81.0 |      35 |      40 |  53.3
      Elf:1 |    6931 |   11330 |  62.0 |      13 |      13 |  50.0
      Elf:2 |   14839 |    3219 |  17.8 |      26 |       5 |  16.1
      Elf:3 |   17571 |   16967 |  49.1 |      24 |      13 |  35.1
        Lab |       0 |    3006 | 100.0 |       0 |      10 | 100.0
      Sewer |       0 |     237 | 100.0 |       0 |      17 | 100.0
            +---------+---------+-------+---------+---------+-------
